 Dungeon Crawl Stone Soup version 0.26-a0-64-g059e62fbdb (webtiles) character file.

Game seed: 12559333766801590259

624976 Ozzies the Conqueror (level 27, 0/273 HPs)
             Began as a Minotaur Fighter on June 9, 2020.
             Was the Champion of Okawaru.
             Killed from afar by a red draconian stormcaller (24 damage)
             ... on level 2 of the Realm of Zot on June 10, 2020.
             The game lasted 05:32:02 (65490 turns).

Ozzies the Conqueror (Minotaur Fighter)            Turns: 65490, Time: 05:32:06

Health: 0/273      AC: 44    Str: 36    XL:     27
Magic:  29/29      EV: 18    Int:  8    God:    Okawaru [******]
Gold:   3580       SH: 29    Dex: 23    Spells: 26/26 levels left

rFire    + + .     SeeInvis .   m - +8 mithril axe "Arga" {speed, MR+}
rCold    + . .     Gourm    .   L - +0 tower shield {AC+3}
rNeg     . . .     Faith    .   J - +9 plate armour {rC+}
rPois    +         Spirit   .   (helmet unavailable)
rElec    +         Reflect  .   p - +1 cloak {MR+}
rCorr    .         Harm     .   g - +2 pair of gloves of Inviolability {MR+ Str+4}
MR       +++++     Rnd*Rage +   N - +2 pair of boots {run}
Stlth    ..........             y - amulet of Fono {rElec Regen+ Str+2 Dex+4}
HPRegen  0.95/turn              x - ring of protection from fire
MPRegen  0.21/turn              e - ring "Alerhuaz" {rPois rF+ Int+3 Dex+3}

@: quick
A: retaliatory headbutt, horns 3, agile 1, berserk 1, mutation resistance 2
}: 3/15 runes: decaying, serpentine, silver
a: Heroism, Finesse, Renounce Religion


You were on level 2 of the Realm of Zot.
You worshipped Okawaru.
Okawaru was exalted by your worship.
You were not hungry.

You visited 10 branches of the dungeon, and saw 48 of its levels.
You visited 1 bazaar.
You also visited: Sewer.

You collected 7188 gold pieces.
You spent 3608 gold pieces at shops.

Inventory:

Hand Weapons
 m - the +8 mithril axe "Arga" (weapon) {speed, MR+}
   (You bought it in a shop on level 2 of the Orcish Mines)

   Attacks with this weapon are significantly faster.
   It affects your resistance to hostile enchantments.
 S - a +2 demon whip of draining
Armour
 g - the +2 pair of gloves of Inviolability (worn) {MR+ Str+4}
   (You bought it in a shop on level 7 of the Dungeon)

   It affects your strength (+4).
   It affects your resistance to hostile enchantments.
 k - the +1 buckler of the Beggar {rC+ rN+ Str+3 Int-5}
   (You found it on level 1 of the Lair of Beasts)

   It affects your strength (+3).
   It affects your intelligence (-5).
   It protects you from cold.
   It protects you from negative energy.
 p - a +1 cloak of magic resistance (worn)
 J - a +9 plate armour of cold resistance (worn)
 L - a +0 tower shield of protection (worn)
 N - a +2 pair of boots of running (worn)
Jewellery
 e - the ring "Alerhuaz" (right hand) {rPois rF+ Int+3 Dex+3}
   (You took it off a deep elf annihilator on level 3 of the Elven Halls)

   [ring of protection from fire]

   It affects your intelligence (+3).
   It affects your dexterity (+3).
   It protects you from fire.
   It protects you from poison.
 q - an uncursed amulet of reflection
 t - an uncursed ring of fire
 x - a ring of protection from fire (left hand)
 y - the amulet of Fono (around neck) {rElec Regen+ Str+2 Dex+4}
   (You found it on level 3 of the Elven Halls)

   [amulet of regeneration]

   It affects your strength (+2).
   It affects your dexterity (+4).
   It insulates you from electricity.
   It increases your rate of regeneration.
 C - an uncursed ring of protection from cold
 T - an uncursed ring of protection from magic
 V - a +6 ring of intelligence
 Z - an uncursed ring of ice
Wands
 a - a wand of polymorph (20)
 b - a wand of acid (9)
 n - a wand of disintegration (18)
 u - a wand of digging (21)
 B - a wand of clouds (11)
 F - a wand of paralysis (3)
 P - a wand of flame (22)
 Q - a wand of enslavement (7)
Scrolls
 i - 12 scrolls of identify
 r - 8 scrolls of magic mapping
 s - 5 scrolls of blinking
 v - 22 scrolls of remove curse
 z - 24 scrolls of teleportation
 A - 5 scrolls of amnesia
 G - 2 scrolls of holy word
 H - 7 scrolls of fear
 I - 6 scrolls of enchant weapon
 M - 7 scrolls of fog
 O - 2 scrolls of summoning
 Y - 2 scrolls of silence
Potions
 c - 4 potions of ambrosia
 d - 7 potions of might
 h - 11 potions of haste
 j - 4 potions of stabbing
 l - 7 potions of invisibility
 o - 11 potions of heal wounds
 w - 4 potions of flight
 D - 3 potions of brilliance
 E - 18 potions of curing
 K - 7 potions of berserk rage
 R - 8 potions of cancellation
 U - a potion of magic
 W - a potion of mutation
 X - a potion of resistance
Comestibles
 f - 76 rations


   Skills:
 O Level 27 Fighting
 O Level 27 Axes
 - Level 6.4(19.4) Maces & Flails
 - Level 24.0 Armour
 + Level 10.0 Dodging
 - Level 25.0 Shields
 - Level 10.0 Invocations


You had 26 spell levels left.
You didn't know any spells.
Your spell library contained the following spells:

 Spells                   Type           Power        Failure   Level  Hunger
 Animate Skeleton         Necr           N/A          75%         1    ##.....
 Apportation              Tloc           #.....       75%         1    ##.....
 Beastly Appendage        Tmut           #.....       75%         1    ##.....
 Corona                   Hex            #......      75%         1    ##.....
 Foxfire                  Conj/Fire      #...         75%         1    ##.....
 Magic Dart               Conj           #...         75%         1    ##.....
 Sandblast                Erth           #.....       75%         1    ##.....
 Shock                    Conj/Air       #...         75%         1    ##.....
 Sting                    Tmut/Pois      #...         75%         1    ##.....
 Summon Butterflies       Summ           #.......     75%         1    ##.....
 Summon Small Mammal      Summ           #...         75%         1    ##.....
 Blink                    Tloc           N/A          87%         2    ###....
 Call Imp                 Summ           #.......     87%         2    ###....
 Corpse Rot               Necr/Air       N/A          87%         2    ###....
 Ensorcelled Hibernation  Hex/Ice        #.....       87%         2    ###....
 Passwall                 Tmut/Erth      #.......     87%         2    ###....
 Poisonous Vapours        Pois/Air       #.....       87%         2    ###....
 Shroud of Golubria       Chrm/Tloc      #.....       87%         2    ###....
 Slow                     Hex            #.......     87%         2    ###....
 Song of Slaying          Chrm           #.......     87%         2    ###....
 Sticks to Snakes         Tmut           #.......     87%         2    ###....
 Sublimation of Blood     Necr           #.........   87%         2    ###....
 Call Canine Familiar     Summ           #.......     98%         3    ####...
 Confusing Touch          Hex            #.......     98%         3    ####...
 Conjure Flame            Conj/Fire      #.......     98%         3    ####...
 Dazzling Flash           Conj/Hex       #.....       98%         3    ####...
 Frozen Ramparts          Ice            #.....       98%         3    ####...
 Gell's Gravitas          Tloc           #.........   98%         3    ####...
 Ignite Poison            Fire/Tmut/Pois #.......     98%         3    ####...
 Inner Flame              Hex/Fire       #.......     98%         3    ####...
 Lesser Beckoning         Tloc           #.........   98%         3    ####...
 Mephitic Cloud           Conj/Pois/Air  #.......     98%         3    ####...
 Ozocubu's Armour         Chrm/Ice       #.......     98%         3    ####...
 Portal Projectile        Hex/Tloc       #.....       98%         3    ####...
 Recall                   Summ/Tloc      N/A          98%         3    ####...
 Spider Form              Tmut/Pois      #.........   98%         3    ####...
 Stone Arrow              Conj/Erth      #.....       98%         3    ####...
 Summon Guardian Golem    Hex/Summ       #.......     98%         3    ####...
 Teleport Other           Tloc           #.......     98%         3    ####...
 Tukima's Dance           Hex            #.......     98%         3    ####...
 Airstrike                Air            #.........   100%        4    #####..
 Animate Dead             Necr           N/A          100%        4    #####..
 Cause Fear               Hex            #.........   100%        4    #####..
 Dispel Undead            Necr           #.......     100%        4    #####..
 Ice Form                 Ice/Tmut       #.......     100%        4    #####..
 Leda's Liquefaction      Hex/Erth       #.........   100%        4    #####..
 Olgreb's Toxic Radiance  Pois           #.......     100%        4    #####..
 Passage of Golubria      Tloc           N/A          100%        4    #####..
 Petrify                  Tmut/Erth      #.......     100%        4    #####..
 Sticky Flame             Conj/Fire      #.......     100%        4    #####..
 Summon Ice Beast         Ice/Summ       #.......     100%        4    #####..
 Summon Lightning Spire   Summ/Air       #.......     100%        4    #####..
 Agony                    Necr           #.......     100%        5    ######.
 Aura of Abjuration       Summ           #.........   100%        5    ######.
 Blade Hands              Tmut           #.........   100%        5    ######.
 Bolt of Magma            Conj/Fire/Erth #.........   100%        5    ######.
 Borgnjor's Vile Clutch   Necr/Erth      #.........   100%        5    ######.
 Excruciating Wounds      Chrm/Necr      #.........   100%        5    ######.
 Fireball                 Conj/Fire      #.........   100%        5    ######.
 Irradiate                Conj/Tmut      #.........   100%        5    ######.
 Iskenderun's Battlesphe  Conj/Chrm      #.......     100%        5    ######.
 Lee's Rapid Deconstruct  Erth           #.........   100%        5    ######.
 Metabolic Englaciation   Hex/Ice        #.........   100%        5    ######.
 Silence                  Hex/Air        #.........   100%        5    ######.
 Summon Demon             Summ           #.........   100%        5    ######.
 Summon Forest            Summ/Tloc      #.........   100%        5    ######.
 Summon Mana Viper        Hex/Summ       #.......     100%        5    ######.
 Yara's Violent Unravell  Hex/Tmut       #.........   100%        5    ######.
 Conjure Ball Lightning   Conj/Air       #.........   100%        6    #######
 Death Channel            Necr           #.........   100%        6    #######
 Freezing Cloud           Conj/Ice/Air   #.........   100%        6    #######
 Hydra Form               Tmut           #.........   100%        6    #######
 Invisibility             Hex            #.......     100%        6    #######
 Iron Shot                Conj/Erth      #.........   100%        6    #######
 Ozocubu's Refrigeration  Ice            #.........   100%        6    #######
 Shadow Creatures         Summ           N/A          100%        6    #######
 Simulacrum               Ice/Necr       #.........   100%        6    #######
 Statue Form              Tmut/Erth      #........    100%        6    #######
 Dragon Form              Tmut           #.........   100%        7    #######
 Haunt                    Necr/Summ      #.........   100%        7    #######
 Orb of Destruction       Conj           #.........   100%        7    #######
 Ring of Flames           Chrm/Fire      #.........   100%        7    #######
 Summon Hydra             Summ           #.........   100%        7    #######
 Borgnjor's Revivificati  Necr           #.........   100%        8    #######
 Death's Door             Chrm/Necr      #.........   100%        8    #######
 Discord                  Hex            #.........   100%        8    #######
 Infestation              Necr           #.........   100%        8    #######
 Necromutation            Tmut/Necr      #.........   100%        8    #######
 Dragon's Call            Summ           #.........   100%        9    #######


Dungeon Overview and Level Annotations

Branches:
Dungeon (15/15)            Temple (0/1) D:5            Lair (6/6) D:11
  Swamp (4/4) Lair:2        Snake (4/4) Lair:2        Slime (2/5) Lair:5
    Orc (2/2) D:9             Elf (3/3) Orc:2        Vaults (5/5) D:14
  Crypt (0/3) Vaults:2     Depths (5/5) D:15            Zot (1/5) Depths:5
  Sewer (visited)

Altars:
Ashenzari
Elyvilon
Gozag
Hepliaklqana
Kikubaaqudgha
Nemelex Xobeh
Okawaru
Qazlal
Sif Muna
Trog
Wu Jian
Yredelemnul
The Shining One
Beogh

Shops:
D:7 [   D:9 (   D:14 *   D:15 !   Orc:1 (   Orc:2 *[(*   Elf:3 !   Vaults:2 [
Vaults:3 !   Depths:1 [   Depths:5 }=}

Portals:
Hell: Depths:1 Depths:2 Depths:3 Depths:4 Depths:5
Abyss: Depths:4
Pandemonium: Depths:3
Ziggurat: Depths:1
Trove: Vaults:1 (give +5 demon trident)


Innate Abilities, Weirdness & Mutations

You reflexively headbutt those who attack you in melee.
You have a pair of large horns on your head.
You are agile. (Dex +2)
You tend to lose your temper in combat.
You are somewhat resistant to both further mutation and mutation removal.


Message History

The curse toe calls on the powers of darkness!
The white draconian annihilator convulses!
Your body is wracked with pain!
* * * LOW HITPOINT WARNING * * *
Something is bathed in an unholy light!
The rime drake convulses!
The red draconian stormcaller convulses!
The Killer Klown convulses!
The purple draconian convulses!
The deathcap draws from the surrounding life force!
* * * LOW HITPOINT WARNING * * *
The red draconian stormcaller calls down the wrath of Qazlal upon you.
Qazlal smites you!
* * * LOW HITPOINT WARNING * * *
Found an escape hatch in the floor.
Found a stone staircase leading up.
Your blink will be uncontrolled - continue anyway?
The Orb prevents control of your translocation!
You blink.
As you read the scroll of blinking, it crumbles to dust.
The red draconian stormcaller mumbles some strange prayers to Qazlal against you.
The cutting wind hits you!!
You die...

,** **,,,*,,,,,,,,,,,**
,,** **,,,^.....,......**
,,,***,,,.,...#.#.#.#.,.*
*,,,*,,,*#.,.#.......#..*
**,,,,,***#.,...>≈<.....*
**,,,** #..#.<≈≈≈>.#..*
**,..#* #....≈≈8≈≈...(* *
**,...###..#.>≈≈≈>.#..*
***,,....#......@≈>.....*
,*,,,*#.d..p.#.......#..*
,,,,***#.d.§..#.#.#.#...*
,,,** *#.q..........$,.*
*,,,** *#d.kq........#,*
**,,,** ##§)§.....##*#,*
**,,,** #§§####....,,,*
**,,,* #§[# *..##**** *
**,,* #ff# *,,*


You could see a Killer Klown, a yellow draconian, a white draconian, a red
draconian stormcaller and a white draconian annihilator.

Vanquished Creatures
  An orb of fire (Zot:1)
  2 ancient liches
  Mennas (Depths:3)
  A juggernaut (Depths:5)
  Sojobo (Depths:2)
  2 Killer Klowns (Zot:1)
  Vashnia (Snake:3)
  The ghost of Usulitso the Severer, a veteran FoVM of Uskayaw (Vaults:4)
  Bai Suzhen (Vaults:3)
  Saint Roka (Vaults:5)
  A curse toe (Zot:1)
  2 golden dragons
  Nikola (Swamp:2)
  3 electric golems
  8 tentacled monstrosities
  6 liches
  Rupert (Lair:6)
  4 deep elf blademasters (Elf:3)
  5 titans
  3 deep elf master archers
  An acid blob (Slime:2)
  An ancient champion (Vaults:2)
  Frances (Swamp:2)
  3 death cobs
  7 sphinxes
  2 thorn hunters
  8 tengu reavers
  13 storm dragons
  Roxanne (Snake:2)
  6 shadow dragons
  2 azure jellies (Slime:2)
  6 nagarajas (Snake:4)
  11 draconian monks
  3 iron dragons
  7 fire giants
  16 frost giants
  Aizul (Vaults:3)
  2 orc warlords
  6 deep elf sorcerers
  13 vault wardens
  A balrug (Depths:4)
  4 draconian scorchers
  2 draconian shifters (Zot:2)
  2 ghost moths
  7 deep elf elementalists
  22 very ugly things
  A spriggan defender (Depths:5)
  3 war gargoyles
  2 draconian annihilators
  17 ironheart preservers
  5 green draconians (Depths:5)
  18 stone giants
  4 black draconians
  A deep elf demonologist (Elf:3)
  3 entropy weavers
  6 purple draconians
  A lorocyproca (Depths:3)
  12 deep elf annihilators
  A red draconian (Zot:1)
  A yellow draconian (Zot:2)
  15 spark wasps
  2 white draconians (Depths:5)
  An eidolon (Vaults:4)
  22 ettins
  Snorg (Orc:1)
  8 deep elf death magi
  Josephine (D:15)
  2 green deaths (Swamp:4)
  2 merfolk javelineers (Depths:2)
  6 fire dragons
  A fire dragon (shapeshifter) (Depths:5)
  9 great orbs of eyes
  12 yaktaur captains
  Harold (D:7)
  3 jiangshi (Depths:4)
  A great orb of eyes (shapeshifter) (Vaults:3)
  7 deep elf high priests
  40 vault guards
  21 hydras
  8 ice dragons
  10 centaur warriors
  12 anacondas
  4 rakshasas
  8 spriggan air magi
  A catoblepas (shapeshifter) (Depths:3)
  13 naga warriors
  2 shambling mangroves (Swamp:4)
  A catoblepas (D:14)
  The ghost of Pejisic the Cleaver, a novice DDFi of Makhleb (Lair:1)
  40 two-headed ogres
  3 death knights
  13 deep troll shamans
  An alligator (shapeshifter) (Depths:3)
  29 dancing weapons
  5 tengu warriors
  12 alligators
  11 deep troll earth magi
  3 orc high priests
  A vampire mage (Depths:4)
  10 ogre magi
  7 spriggan berserkers
  17 naga sharpshooters
  2 sun demons (Depths:4)
  7 shock serpents
  5 iron trolls
  A shadow wraith (Vaults:2)
  8 small abominations
  15 skeletal warriors
  25 deep elf knights
  A fire crab (shapeshifter) (Depths:3)
  9 hell knights
  41 deep trolls
  10 sea snakes (Snake:4)
  A spark wasp zombie (Depths:2)
  2 salamander mystics (Snake:4)
  A deep troll (shapeshifter) (Depths:3)
  A glowing orange brain (Vaults:1)
  Pikel (D:4)
  4 death drakes (Depths:5)
  2 unseen horrors
  4 flayed ghosts
  5 spriggan druids
  9 swamp dragons
  4 lindwurms (Depths:5)
  15 ironbrand convokers
  95 deep elf magi
  9 naga ritualists
  4 wizards
  6 phantasmal warriors
  6 necromancers
  13 orc knights
  18 deep elf archers
  8 harpies
  11 mana vipers
  58 ugly things
  A mana viper (shapeshifter) (Depths:5)
  A harpy (shapeshifter) (D:15)
  An iron dragon zombie (Depths:2)
  2 shining eyes (Slime:2)
  A wolf spider (shapeshifter) (Vaults:3)
  2 tengu skeletons
  7 orc sorcerers
  8 cyclopes
  5 wolf spiders
  2 manticores (D:15)
  6 elephants (Lair:4)
  A fire giant zombie (Depths:2)
  16 salamanders
  A shining eye (shapeshifter) (Depths:3)
  3 fire giant skeletons (Depths:2)
  11 moths of wrath
  2 centaur zombies
  A torpor snail (Lair:3)
  5 vault sentinels
  43 black mambas
  An orc zombie (Vaults:3)
  11 guardian serpents
  25 naga magi
  A sphinx skeleton (Depths:1)
  A black mamba (shapeshifter) (Depths:4)
  2 gargoyles
  7 large abominations
  Maggie (D:7)
  2 orange demons (Swamp:4)
  27 spiny frogs
  A kobold demonologist (Elf:1)
  2 rime drakes (Lair:1)
  4 spriggan zombies
  11 freezing wraiths
  2 efreet
  4 komodo dragons
  8 tengu conjurers
  51 yaktaurs
  A redback zombie (D:14)
  10 trolls
  A queen bee (Lair:1)
  A meliai (shapeshifter) (Vaults:5)
  8 polar bears
  22 blink frogs
  38 hornets
  8 tyrant leeches
  A wind drake (shapeshifter) (Vaults:3)
  13 bog bodies
  An ettin zombie (Depths:2)
  2 wind drakes (Depths:5)
  3 dream sheep (Lair:6)
  7 hippogriffs
  2 hippogriffs (shapeshifter) (Vaults:3)
  67 slime creatures
  A sphinx simulacrum (Depths:2)
  A frost giant simulacrum (Depths:1)
  3 air elementals
  Sigmund (D:6)
  8 shadows
  2 redbacks
  2 spriggans (shapeshifter)
  41 spriggans
  A tarantella (Vaults:5)
  3 wyverns
  9 humans (D:14)
  A tarantella (shapeshifter) (Vaults:5)
  8 wraiths
  45 yaks
  3 vampires
  A hog (shapeshifter) (Vaults:2)
  4 basilisks
  2 golden eyes (Slime:2)
  2 yaks (shapeshifter)
  2 fire bats (Depths:2)
  2 steam dragons
  3 fire elementals
  9 water elementals
  11 wargs
  Grum (D:9)
  16 vampire mosquitoes
  A hungry ghost (D:15)
  14 swamp worms
  An acid dragon (Vaults:1)
  Edmund (D:4)
  2 soldier ants
  4 insubstantial wisps (Swamp:2)
  63 nagas
  4 porcupines
  A hell hound (Depths:2)
  13 water moccasins
  A hydra simulacrum (Depths:3)
  A floating eye (Vaults:3)
  Duvessa (D:4)
  16 swamp drakes
  2 slaves (D:4)
  6 necrophages
  7 black bears
  45 orc warriors
  A sky beast (D:9)
  3 ice beasts
  An ettin simulacrum (Depths:2)
  An eye of draining (Vaults:3)
  A human zombie (Vaults:3)
  4 phantoms
  A black bear (shapeshifter) (Vaults:3)
  32 ogres
  28 wolves
  20 boggarts
  17 centaurs
  18 crocodiles
  A big kobold (D:9)
  17 bullfrogs
  A wyvern zombie (D:15)
  Dowan (D:4)
  4 earth elementals
  6 scorpions
  A wyvern skeleton (D:14)
  6 killer bees (Lair:1)
  19 wights
  2 howler monkeys
  3 vampire bats (D:3)
  13 crimson imps
  3 jellies
  29 orc priests
  A bullfrog skeleton (D:8)
  2 bullfrog zombies
  7 hounds
  A quasit (D:10)
  A gnoll shaman (D:4)
  4 centaur skeletons
  37 orc wizards
  7 iguanas
  10 worker ants
  A hound zombie (D:9)
  3 worker ant zombies
  A howler monkey zombie (D:8)
  15 gnolls
  15 adders
  2 howler monkey skeletons
  5 shadow imps
  3 oozes
  2 adder zombies (D:8)
  3 adder skeletons
  7 worms
  3 dart slugs
  13 leopard geckos
  131 orcs
  3 ball pythons (Sewer)
  4 bat skeletons (D:3)
  2 bat zombies (D:3)
  5 giant cockroaches
  7 hobgoblins
  27 jackals
  A quokka (shapeshifter) (Vaults:5)
  4 quokkas
  4 bats
  7 frilled lizards
  14 goblins
  23 kobolds
  3 quokka skeletons
  A quokka zombie (D:5)
  13 rats
  2 crawling corpses (Elf:3)
  13 plants
2507 creatures vanquished.

Vanquished Creatures (collateral kills)
  An electric golem (Zot:2)
  A tentacled monstrosity (Zot:2)
  2 storm dragons (Zot:2)
  2 draconian annihilators (Zot:2)
  A green draconian (Zot:2)
  2 moths of wrath (Zot:2)
9 creatures vanquished.

Vanquished Creatures (others)
  A tentacled monstrosity (Vaults:5)
  A quicksilver dragon (Depths:5)
  A stone giant (Depths:2)
  A merfolk javelineer (Depths:5)
  A vault guard (D:14)
  A deep troll earth mage (Depths:5)
  A deep elf knight (Elf:2)
  A storm dragon zombie (Depths:2)
  A sea snake (Snake:4)
  A deep elf mage (Elf:2)
  A wind drake (Depths:5)
  A human (D:14)
  An insubstantial wisp (Swamp:2)
  A boggart (Vaults:1)
  An orc priest (D:14)
  4 bushes (D:15)
  A crawling corpse (Elf:3)
  3 fungi
  31 plants
54 creatures vanquished.

Grand Total: 2570 creatures vanquished

Notes
Turn   | Place    | Note
-------+----------+-------------------------------------------
     0 | D:1      | Ozzies the Minotaur Fighter began the quest for the Orb.
     0 | D:1      | Reached XP level 1. HP: 19/19 MP: 0/0
   139 | D:1      | Reached XP level 2. HP: 26/27 MP: 1/1
   548 | D:1      | Reached XP level 3. HP: 33/33 MP: 2/2
  1372 | D:2      | Reached skill level 5 in Fighting
  1372 | D:2      | Reached XP level 4. HP: 40/42 MP: 3/3
  2380 | D:3      | Reached XP level 5. HP: 43/50 MP: 4/4
  2880 | D:3      | Found an iron altar of Okawaru.
  2881 | D:3      | Found a white marble altar of Elyvilon.
  2881 | D:3      | Found a stormy altar of Qazlal.
  2882 | D:3      | Found an opulent altar of Gozag.
  2892 | D:3      | Became a worshipper of Warmaster Okawaru
  3053 | D:3      | Found an ancient bone altar of Kikubaaqudgha.
  3060 | D:3      | Reached XP level 6. HP: 57/60 MP: 5/5
  3307 | D:4      | Noticed Duvessa
  3312 | D:4      | Noticed Dowan
  3516 | D:4      | Reached skill level 5 in Axes
  3574 | D:4      | Found a stormy altar of Qazlal.
  3600 | D:4      | Reached XP level 7. HP: 59/68 MP: 6/6
  3659 | D:4      | Noticed Edmund
  3673 | D:4      | Killed Edmund
  3673 | D:4      | Reached * piety under Okawaru
  4040 | D:4      | Noticed Pikel
  4053 | D:4      | Killed Pikel
  4053 | D:4      | Reached ** piety under Okawaru
  4053 | D:4      | Reached skill level 10 in Fighting
  4053 | D:4      | Reached XP level 8. HP: 60/79 MP: 7/7
  4285 | D:4      | Killed Duvessa
  4289 | D:4      | Killed Dowan
  4390 | D:4      | Found an ornate altar of the Wu Jian Council.
  4513 | D:5      | Entered Level 5 of the Dungeon
  4517 | D:5      | Found a basalt altar of Yredelemnul.
  4564 | D:5      | Found a staircase to the Ecumenical Temple.
  4571 | D:5      | Reached skill level 5 in Armour
  4621 | D:5      | Reached skill level 5 in Shields
  4632 | D:5      | Found a bloodstained altar of Trog.
  4715 | D:5      | Reached *** piety under Okawaru
  4839 | D:5      | Reached XP level 9. HP: 75/86 MP: 8/8
  4956 | D:5      | Found a glowing drain.
  4972 | Sewer    | Entered a sewer
  6131 | D:6      | Noticed Sigmund
  6136 | D:6      | Killed Sigmund
  7115 | D:7      | Reached skill level 10 in Axes
  7326 | D:7      | Found a shattered altar of Ashenzari.
  7363 | D:7      | Found a sparkling altar of Nemelex Xobeh.
  7363 | D:7      | Found Yruem's Antique Armour Shop.
  7371 | D:7      | Bought a pair of runed gloves for 210 gold pieces
  7398 | D:7      | Noticed Harold
  7421 | D:7      | Killed Harold
  7421 | D:7      | Reached **** piety under Okawaru
  7421 | D:7      | Reached skill level 1 in Dodging
  7421 | D:7      | Reached skill level 1 in Invocations
  7421 | D:7      | Reached XP level 10. HP: 75/99 MP: 8/10
  7645 | D:7      | Noticed Maggie
  7664 | D:7      | Killed Maggie
  7664 | D:7      | Received a gift from Okawaru
  7771 | D:7      | Found a glowing golden altar of the Shining One.
  8182 | D:8      | Reached skill level 1 in Maces & Flails
  8196 | D:8      | Noticed a two-headed ogre
  8221 | D:8      | Killed a two-headed ogre
  8221 | D:8      | Reached ***** piety under Okawaru
  8399 | D:8      | Paralysed by a hornet for 1 turns
  8695 | D:8      | Noticed a two-headed ogre
  8704 | D:8      | Killed a two-headed ogre
  8704 | D:8      | Received a gift from Okawaru
  9390 | D:8      | Noticed a two-headed ogre
  9401 | D:8      | Killed a two-headed ogre
  9401 | D:8      | Received a gift from Okawaru
  9401 | D:8      | Reached XP level 11. HP: 76/107 MP: 12/12
  9402 | D:8      | Found the +6 shillelagh "Devastator" {shatter}
  9668 | D:9      | Found a glowing golden altar of the Shining One.
  9730 | D:9      | Found a hazy altar of Hepliaklqana.
  9899 | D:9      | Found a staircase to the Orcish Mines.
 10099 | D:9      | Noticed Grum
 10106 | D:9      | Killed Grum
 10359 | D:9      | Noticed a two-headed ogre
 10374 | D:9      | Killed a two-headed ogre
 10374 | D:9      | Received a gift from Okawaru
 10374 | D:9      | Reached skill level 5 in Dodging
 10536 | D:9      | Reached skill level 5 in Maces & Flails
 10622 | D:9      | Found Etoxyd Dun's Antique Weapon Boutique.
 10719 | D:10     | Entered Level 10 of the Dungeon
 10792 | D:10     | Noticed a two-headed ogre
 10803 | D:10     | Killed a two-headed ogre
 10803 | D:10     | Reached skill level 5 in Invocations
 10923 | D:10     | Noticed a two-headed ogre
 10930 | D:10     | Killed a two-headed ogre
 11821 | D:11     | Noticed a brown ugly thing
 11839 | D:11     | Killed a brown ugly thing
 11839 | D:11     | Received a gift from Okawaru
 11991 | D:11     | Reached skill level 15 in Fighting
 12083 | D:11     | Found a staircase to the Lair.
 12181 | D:11     | Got a shimmering war axe {god gift}
 12181 | D:11     | Identified the +6 war axe of Drought {venom, rElec Str+3}
                  | (Okawaru gifted it to you on level 11 of the Dungeon)
 12182 | D:11     | Identified a scroll of acquirement
 12183 | D:11     | Got the +0 pair of boots "Ecinoraul" {*Contam rPois Int+2}
 12262 | D:11     | Killed an unseen horror
 12650 | D:12     | Reached XP level 12. HP: 119/119 MP: 14/14
 13083 | D:12     | Received a gift from Okawaru
 13084 | D:12     | Noticed a four-headed hydra
 13106 | D:12     | Noticed a four-headed hydra
 13448 | D:13     | Noticed a centaur warrior
 13457 | D:13     | Killed a centaur warrior
 13457 | D:13     | Reached ****** piety under Okawaru
 13460 | D:13     | Found a runed translucent door.
 13461 | D:13     | Noticed a sphinx
 13469 | D:13     | Received a gift from Okawaru
 13470 | D:13     | Paralysed by a sphinx for 7 turns
 13481 | D:13     | Killed a sphinx
 13670 | D:13     | Noticed a fire giant
 13684 | D:13     | Killed a fire giant
 13932 | D:13     | Noticed a death knight
 14176 | D:12     | Noticed a two-headed ogre
 14180 | D:12     | Killed a two-headed ogre
 14180 | D:12     | Received a gift from Okawaru
 14289 | D:12     | Killed a four-headed hydra
 14428 | D:12     | Noticed a two-headed ogre
 14450 | D:12     | Killed a two-headed ogre
 14450 | D:12     | Reached XP level 13. HP: 72/130 MP: 15/15
 15124 | Lair:1   | Entered Level 1 of the Lair of Beasts
 15400 | Lair:1   | Received a gift from Okawaru
 15504 | Lair:1   | Noticed Pejisic's ghost (novice DDFi)
 15505 | Lair:1   | Found a transporter.
 15509 | Lair:1   | Found a transporter.
 15578 | Lair:1   | Killed Pejisic's ghost
 16859 | Lair:2   | Found a staircase to the Snake Pit.
 16885 | Lair:2   | Reached skill level 10 in Armour
 16896 | Lair:2   | Reached skill level 10 in Shields
 17227 | Lair:2   | Found a staircase to the Swamp.
 17578 | Lair:2   | Got a bloodstained whip
 17578 | Lair:2   | Identified the +12 whip of Ambiguity {flame, rF+} (You
                  | found it on level 2 of the Lair of Beasts)
 17703 | Lair:1   | Got a heavily runed buckler
 17713 | Lair:1   | Identified the +1 buckler of the Beggar {rC+ rN+ Str+3
                  | Int-5} (You found it on level 1 of the Lair of Beasts)
 17947 | Lair:3   | Received a gift from Okawaru
 17973 | Lair:3   | Got a spiked ring mail {god gift}
 17974 | Lair:3   | Identified the +1 ring mail of Okawaru's Scorn {rPois MR-
                  | MP+9} (Okawaru gifted it to you on level 3 of the Lair of
                  | Beasts)
 19186 | Lair:4   | Reached XP level 14. HP: 135/143 MP: 16/16
 20054 | Lair:4   | Got a shimmering chain mail
 20064 | Lair:4   | Identified the +1 chain mail "Waurgh" {MR+ Regen+ Str+3
                  | Dex-3} (You found it on level 4 of the Lair of Beasts)
 20902 | Lair:5   | Found a staircase to the Slime Pits.
 20957 | Lair:6   | Entered Level 6 of the Lair of Beasts
 21633 | Lair:6   | Received a gift from Okawaru
 21639 | Lair:6   | Got a translucent hand axe {god gift}
 21639 | Lair:6   | Identified the +1 hand axe "Paag" {venom, MR+ Int+4}
                  | (Okawaru gifted it to you on level 6 of the Lair of Beasts)
 22457 | Lair:6   | Noticed Rupert
 22473 | Lair:6   | Paralysed by Rupert for 4 turns
 22479 | Lair:6   | Killed Rupert
 22479 | Lair:6   | Received a gift from Okawaru
 23274 | Orc:1    | Entered Level 1 of the Orcish Mines
 23287 | Orc:1    | Noticed a stone giant
 23313 | Orc:1    | Killed a stone giant
 23515 | Orc:1    | Noticed Snorg
 23531 | Orc:1    | Killed Snorg
 23712 | Orc:1    | Found Naimm's Antique Weapon Emporium.
 24074 | Orc:1    | Found a roughly hewn altar of Beogh.
 24178 | Orc:2    | Entered Level 2 of the Orcish Mines
 24217 | Orc:2    | Found a roughly hewn altar of Beogh.
 24279 | Orc:2    | Found Dehaipro's Assorted Antiques.
 24288 | Orc:2    | Bought a square soapstone amulet for 130 gold pieces
 24617 | Orc:2    | Found a roughly hewn altar of Beogh.
 24677 | Orc:2    | Found a roughly hewn altar of Beogh.
 24763 | Orc:2    | Found a staircase to the Elven Halls.
 24818 | Orc:2    | Found a roughly hewn altar of Beogh.
 24845 | Orc:2    | Found a roughly hewn altar of Beogh.
 25054 | Orc:2    | Found a roughly hewn altar of Beogh.
 25054 | Orc:2    | Found Ditz's General Store.
 25232 | D:7      | Bought a pair of fine gloves for 266 gold pieces
 25232 | D:7      | Bought a jewelled cloak for 266 gold pieces
 25242 | D:7      | Identified the +0 cloak of the Ecumenical Temple {Int+6}
                  | (You bought it in a shop on level 7 of the Dungeon)
 25252 | D:7      | Identified the +2 pair of gloves of Inviolability {MR+
                  | Str+4} (You bought it in a shop on level 7 of the Dungeon)
 25369 | Orc:2    | Bought the +8 mithril axe "Arga" {speed, MR+} for 969 gold
                  | pieces
 25369 | Orc:2    | Found the +8 mithril axe "Arga" {speed, MR+}
 25512 | Orc:2    | Noticed an orc warlord
 25519 | Orc:2    | Reached XP level 15. HP: 152/152 MP: 13/21
 25545 | Orc:2    | Killed an orc warlord
 25545 | Orc:2    | Reached skill level 15 in Axes
 25554 | Orc:2    | Found a roughly hewn altar of Beogh.
 25554 | Orc:2    | Found Bamatet's Antique Weapon Emporium.
 25664 | Orc:2    | Found Tuisent's Antique Armour Shoppe.
 25687 | Orc:2    | Bought a tower shield for 157 gold pieces
 25842 | Orc:2    | Found a runed translucent door.
 25988 | Orc:2    | Found a roughly hewn altar of Beogh.
 26149 | Elf:1    | Entered Level 1 of the Elven Halls
 26303 | Elf:1    | Reached skill level 10 in Invocations
 26354 | Elf:1    | Received a gift from Okawaru
 26431 | Elf:1    | Noticed a deep elf sorcerer
 26445 | Elf:1    | Killed a deep elf sorcerer
 27311 | Elf:1    | Upgraded the game from 0.26-a0-61-g6c07f0ee8d to
                  | 0.26-a0-64-g059e62fbdb
 27421 | Elf:1    | Noticed a deep elf sorcerer
 27429 | Elf:1    | Killed a deep elf sorcerer
 27739 | Elf:1    | Received a gift from Okawaru
 27868 | Elf:1    | Got a spiked scale mail {god gift}
 27878 | Elf:1    | Identified the +0 scale mail "Ydiasec" {MR++ Str+2 Int+4}
                  | (Okawaru gifted it to you on level 1 of the Elven Halls)
 28902 | Elf:2    | Reached XP level 16. HP: 131/163 MP: 20/22
 29562 | Elf:2    | Found a runed translucent gate.
 29562 | Elf:2    | Found a runed translucent gate.
 29563 | Elf:2    | Found a runed translucent gate.
 29692 | Elf:2    | Received a gift from Okawaru
 32436 | D:14     | Received a gift from Okawaru
 33161 | D:14     | Reached XP level 17. HP: 173/173 MP: 23/23
 33537 | D:14     | Identified Heepnylo's Collected Works on Freezing
                  | Necromancy
 33577 | D:14     | Identified the Compendium of Earthen Enhancements
 33588 | D:14     | Found a shimmering blue altar of Sif Muna.
 33738 | D:14     | Identified Matea's Incunabulum of Companions and Earth
 33883 | D:14     | Identified the Reference Book on Flying Earth
 34294 | D:14     | Found Kotik's Assorted Antiques.
 34302 | D:14     | Bought a tiny soapstone amulet for 130 gold pieces
 34302 | D:14     | Bought a scratched ivory ring for 130 gold pieces
 34370 | D:14     | Found a gate to the Vaults.
 34454 | D:15     | Entered Level 15 of the Dungeon
 34454 | D:15     | Found Waerch Usiw's Distillery.
 34627 | D:15     | Received a gift from Okawaru
 34662 | D:15     | Found a staircase to the Depths.
 34800 | D:15     | Found a basalt altar of Yredelemnul.
 34907 | D:15     | Noticed Josephine
 34926 | D:15     | Killed Josephine
 35711 | Elf:3    | Entered Level 3 of the Elven Halls
 35840 | Elf:3    | Found Ifraps's Distillery.
 35959 | Elf:3    | Received a gift from Okawaru
 35987 | Elf:3    | Noticed a deep elf blademaster
 35988 | Elf:3    | Noticed a deep elf blademaster
 35988 | Elf:3    | Noticed a deep elf master archer
 36001 | Elf:3    | Killed a deep elf blademaster
 36007 | Elf:3    | Killed a deep elf blademaster
 36008 | Elf:3    | Noticed a deep elf blademaster
 36015 | Elf:3    | Killed a deep elf master archer
 36031 | Elf:3    | Killed a deep elf blademaster
 36796 | Elf:3    | Identified the ring "Duhim" {+Fly rElec Int+3 Stlth-}
 36818 | Elf:3    | Received a gift from Okawaru
 37087 | Elf:3    | Identified the ring "Alerhuaz" {rPois rF+ Int+3 Dex+3}
 37428 | Elf:3    | Reached XP level 18. HP: 187/187 MP: 24/24
 37968 | Elf:3    | Found the +7 Singing Sword {vorpal, sonic wave}
 37985 | Elf:3    | Got a sparkling crystal amulet
 38074 | Elf:3    | Identified the Papyrus of the Lethal Glacier
 38088 | Elf:3    | Identified the amulet of Fono {rElec Regen+ Str+2 Dex+4}
                  | (You found it on level 3 of the Elven Halls)
 38749 | Swamp:1  | Entered Level 1 of the Swamp
 39466 | Swamp:1  | Noticed a tentacled monstrosity
 39486 | Swamp:1  | Killed a tentacled monstrosity
 39930 | Swamp:2  | Received a gift from Okawaru
 40133 | Swamp:2  | Noticed Nikola
 40139 | Swamp:2  | Noticed Frances
 40455 | Swamp:2  | Killed Frances
 40652 | Swamp:2  | Killed Nikola
 41168 | Swamp:2  | Identified the +6 rapier of the Smoking Enemy {protect, rF+
                  | Int+3 Stlth+}
 42391 | Swamp:4  | Entered Level 4 of the Swamp
 42410 | Swamp:3  | Reached XP level 19. HP: 162/198 MP: 25/25
 42487 | Swamp:4  | Reached XP level 20. HP: 98/205 MP: 26/26
 42488 | Swamp:4  | Received a gift from Okawaru
 42639 | Swamp:4  | Got a translucent war axe {god gift}
 42639 | Swamp:4  | Identified the +1 war axe of Exop {vamp, +Fly Dex+2 SInv}
                  | (Okawaru gifted it to you on level 4 of the Swamp)
 43449 | Swamp:4  | Got a decaying rune of Zot
 43853 | Snake:1  | Entered Level 1 of the Snake Pit
 43860 | Snake:1  | Received a gift from Okawaru
 43984 | Snake:1  | Got polished steam dragon scales {god gift}
 43994 | Snake:1  | Identified the +1 steam dragon scales "Raet" {rPois}
                  | (Okawaru gifted it to you on level 1 of the Snake Pit)
 44615 | Snake:2  | Noticed Roxanne
 44630 | Snake:2  | Reached skill level 15 in Armour
 44643 | Snake:2  | Killed Roxanne
 45742 | Snake:3  | Noticed Vashnia
 45769 | Snake:3  | Killed Vashnia
 45931 | Snake:3  | Received a gift from Okawaru
 46325 | Snake:4  | Entered Level 4 of the Snake Pit
 46550 | Snake:4  | Reached XP level 21. HP: 217/217 MP: 27/27
 47374 | Snake:4  | Received a gift from Okawaru
 47718 | Snake:4  | Got a serpentine rune of Zot
 48157 | Slime:1  | Entered Level 1 of the Pits of Slime
 48324 | Slime:2  | Gained mutation: You tend to lose your temper in combat. [a
                  | shining eye]
 48513 | Slime:2  | Gained mutation: You occasionally shout uncontrollably at
                  | your foes. [a shining eye]
 48514 | Slime:2  | Received a gift from Okawaru
 48751 | Vaults:1 | Entered Level 1 of the Vaults
 48920 | Vaults:1 | Received a gift from Okawaru
 49506 | D:14     | Lost mutation: You tend to lose your temper in combat.
                  | [potion of mutation]
 49506 | D:14     | Lost mutation: You occasionally shout uncontrollably at
                  | your foes. [potion of mutation]
 49506 | D:14     | Gained mutation: You are agile. (Dex +2) [potion of
                  | mutation]
 49506 | D:14     | Gained mutation: You are somewhat resistant to further
                  | mutation. [potion of mutation]
 49506 | D:14     | Gained mutation: Your mind is acute. (Int +2) [potion of
                  | mutation]
 49646 | Vaults:1 | Found a portal to a secret trove of treasure.
 49789 | Vaults:1 | Received a gift from Okawaru
 49948 | Vaults:1 | Received a gift from Okawaru
 49948 | Vaults:1 | Reached XP level 22. HP: 219/231 MP: 28/28
 49960 | Vaults:1 | Reached skill level 27 in Fighting
 50363 | Vaults:2 | Found Zoka's Armour Emporium.
 50376 | Vaults:2 | Bought a +2 cloak for 313 gold pieces
 50870 | Vaults:2 | Found a staircase to the Crypt.
 51365 | Vaults:3 | Reached skill level 15 in Shields
 51838 | Vaults:3 | Noticed Bai Suzhen
 51857 | Vaults:3 | Killed Bai Suzhen
 51979 | Vaults:3 | Found Buvuiroan's Distillery.
 51980 | Vaults:3 | You fall into a shaft and drop 1 floor!
 52022 | Vaults:4 | Received a gift from Okawaru
 52177 | Vaults:4 | Received a gift from Okawaru
 52574 | Vaults:4 | Found a runed translucent gate.
 52574 | Vaults:4 | Found a runed translucent gate.
 52574 | Vaults:4 | Found a runed translucent gate.
 52577 | Vaults:4 | Noticed Usulitso's ghost (veteran FoVM)
 52615 | Vaults:4 | Killed Usulitso's ghost
 52685 | Vaults:4 | Found a flickering gateway to a bazaar.
 52699 | Bazaar   | Entered a bazaar
 52699 | Bazaar   | Found Uvvir's General Store.
 52706 | Bazaar   | Found Ifryschic's Antique Weapon Boutique.
 52714 | Bazaar   | Found Kixas's Gadget Boutique.
 52725 | Bazaar   | Found Uvidaib's Antique Armour Emporium.
 52741 | Bazaar   | Found Epoaq's Magic Scroll Shop.
 52761 | Bazaar   | Bought a potion of curing for 30 gold pieces
 52761 | Bazaar   | Bought a scroll of fear for 35 gold pieces
 52761 | Bazaar   | Bought a potion of haste for 100 gold pieces
 52772 | Bazaar   | Bought a scroll of enchant weapon for 105 gold pieces
 52785 | Bazaar   | Bought a shiny buckler for 120 gold pieces
 53005 | Vaults:4 | Reached XP level 23. HP: 205/239 MP: 29/29
 53401 | Vaults:3 | Noticed Aizul
 53412 | Vaults:3 | Killed Aizul
 53465 | Vaults:3 | Bought 2 potions of haste for 340 gold pieces
 53580 | Vaults:3 | Identified the cursed +1 scythe of Proximity {vorpal, +Fly
                  | rF+++ MR- Stlth-} (You found it on level 3 of the Vaults)
 53792 | Vaults:3 | Paralysed by a floating eye for 4 turns
 53972 | Vaults:3 | Received a gift from Okawaru
 54250 | Vaults:3 | Received a gift from Okawaru
 54329 | Vaults:3 | Identified the +6 demon trident "Lifebane" {vorpal, rN+}
                  | (Okawaru gifted it to you on level 3 of the Vaults)
 54403 | Vaults:3 | Identified Kelush's Sophisticated Sorcery
 54651 | Vaults:5 | Entered Level 5 of the Vaults
 54846 | Vaults:5 | Received a gift from Okawaru
 54892 | Vaults:5 | Identified a +2 pair of boots of running (Okawaru gifted it
                  | to you on level 5 of the Vaults)
 54918 | Vaults:5 | Noticed Saint Roka
 54918 | Vaults:5 | Gained mutation: You have a pair of large horns on your
                  | head. [mutagenic glow]
 54931 | Vaults:5 | Killed Saint Roka
 55141 | Vaults:5 | Reached XP level 24. HP: 233/249 MP: 29/29
 55337 | Vaults:5 | Identified the cursed +1 plate armour "Qyrufumm" {Str+2}
 55377 | Vaults:5 | Identified the cursed +0 leather armour of Exclusion {rF+
                  | rN+++ MR- Stlth+}
 55770 | Vaults:5 | Received a gift from Okawaru
 55835 | Vaults:5 | Noticed an ancient lich
 55852 | Vaults:5 | Killed an ancient lich
 56323 | Vaults:5 | Identified the Catalogue of Aerial Creation
 56527 | Vaults:5 | Got a brightly glowing war axe {god gift}
 56527 | Vaults:5 | Identified the +7 war axe of the Evening {vorpal, +Blink
                  | rF+} (Okawaru gifted it to you on level 5 of the Vaults)
 56600 | Vaults:5 | Got a silver rune of Zot
 56933 | Vaults:1 | Identified the +4 executioner's axe "Ponyig" {vorpal,
                  | +Blink} (Okawaru gifted it to you on level 1 of the Vaults)
 57060 | Depths:1 | Entered Level 1 of the Depths
 57214 | Depths:1 | Found a gateway to a ziggurat.
 57318 | Depths:1 | Received a gift from Okawaru
 57319 | Depths:1 | Found the +7 Kryia's mail coat {PotionHeal*2 rC+}
 57686 | Depths:1 | Found Fiqas's Armour Shop.
 57998 | Depths:1 | Found a gateway to Hell.
 58591 | Depths:2 | Reached XP level 25. HP: 209/257 MP: 29/29
 58665 | Depths:2 | Reached skill level 27 in Axes
 59043 | Depths:2 | Noticed Sojobo
 59072 | Depths:2 | Killed Sojobo
 59075 | Depths:2 | Received a gift from Okawaru
 59099 | Depths:2 | Identified the +2 pair of boots of a volcano {Harm rN++
                  | Str-4 SInv} (Okawaru gifted it to you on level 2 of the
                  | Depths)
 60414 | Depths:3 | Gained mutation: You are somewhat resistant to both further
                  | mutation and mutation removal. [a shining eye]
 60416 | Depths:3 | Noticed Mennas
 60416 | Depths:3 | Gained mutation: You tend to lose your temper in combat. [a
                  | shining eye]
 60450 | Depths:3 | Killed Mennas
 60480 | Depths:3 | Found a one-way gate leading to the halls of Pandemonium.
 60676 | Depths:3 | Received a gift from Okawaru
 60693 | Depths:3 | Identified the +2 executioner's axe of the World {flame,
                  | +Rage rElec rC-} (Okawaru gifted it to you on level 3 of
                  | the Depths)
 60916 | Depths:4 | Identified the cursed +1 chain mail of the Assorted Stories
                  | {rF+ Int+3} (You found it on level 4 of the Depths)
 60936 | Depths:4 | Found a one-way gate to the infinite horrors of the Abyss.
 61176 | Depths:4 | Received a gift from Okawaru
 61366 | Depths:4 | Reached XP level 26. HP: 255/266 MP: 29/29
 62545 | Depths:5 | Entered Level 5 of the Depths
 63181 | Depths:5 | Found the +8 Wrath of Trog {antimagic, *Rage}
 63184 | Depths:5 | Noticed a juggernaut
 63190 | Depths:5 | Killed a juggernaut
 63288 | Depths:5 | Found a gate to the Realm of Zot.
 63306 | Depths:5 | Received a gift from Okawaru
 63673 | Depths:5 | Found Meczass's Gadget Emporium.
 63675 | Depths:5 | Found Fuidevah's Jewellery Shop.
 63676 | Depths:5 | Found Lirou's Gadget Emporium.
 63856 | Depths:5 | Identified Sueqa's Almanac of Bewitching Heat
 64236 | Zot:1    | Entered Level 1 of the Realm of Zot
 64445 | D:14     | Bought a scroll of enchant armour for 195 gold pieces
 64626 | Orc:2    | Bought a scroll of enchant armour for 112 gold pieces
 64937 | Zot:1    | Found a huge runed gate.
 64938 | Zot:1    | Found a huge runed gate.
 64975 | Zot:1    | Found a huge runed gate.
 64975 | Zot:1    | Found a huge runed gate.
 64975 | Zot:1    | Found a huge runed gate.
 64986 | Zot:1    | Noticed an ancient lich
 64986 | Zot:1    | Noticed an orb of fire
 64992 | Zot:1    | Lost mutation: Your mind is acute. (Int +2) [an orb of
                  | fire]
 65003 | Zot:1    | Killed an orb of fire
 65014 | Zot:1    | Killed an ancient lich
 65344 | Zot:1    | You fall into a shaft and drop 1 floor!
 65392 | Zot:2    | Received a gift from Okawaru
 65419 | Zot:2    | Reached XP level 27. HP: 171/273 MP: 26/29
 65487 | Zot:2    | Reached skill level 10 in Dodging
 65490 | Zot:2    | Killed from afar by a red draconian stormcaller

Illustrated notes

Levels and vault maps discovered:
D:1:      tarquinn_simple_flora_water_c, layout_loops_corners
D:2:      minmay_chambers_of_ones, layout_loops_ring, first_ration,
          minmay_distorted
D:3:      layout_loops_corners, chequers_temple_overflow_statue_of_worship,
          kennysheep_vampire_church
D:4:      layout_basic, kennysheep_mini_moat, nicolae_qazlal_general_emergency,
          uniq_edmund, uniq_pikel, uniq_duvessa
D:5:      layout_basic, bloody_trog, lemuel_crystal_altar, temple_doors_e,
          gup_sewer_entry_bubbles
D:6:      layout_loops_ring, uniq_sigmund
D:7:      layout_basic, cheibrodos_ashenzari_chains,
          nemelex_xobeh_ov_fountains_minmay, serial_shops, nicolae_shop_stone,
          nicolae_tso_swordbearing_angel, uniq_maggie, uniq_harold
D:8:      minmay_four_partial_circles, layout_basic
D:9:      layout_roguey, overflow_temple_1_default,
          nicolae_overflow_crystal_walls, david_orc_3, serial_shops,
          kennysheep_mini, hangedman_pestilent_swarm, uniq_grum
D:10:     layout_irregular_city, nooodl_food_tri
D:11:     layout_roguey, lair_entry_dummy
D:12:     layout_loops_corners, kennysheep_kite_vault
D:13:     layout_loops_cross, gauntlet_entry_generic, minivault_13
D:14:     evilmike_library_of_no_secrets, layout_loops_ring,
          ximxim_vaults_locker_room, serial_shops, shop,
          hangedman_decor_peaks_small
D:15:     hangedman_depths_entry_civil_slaughter, layout_long_grid,
          serial_park_square2, serial_shops, shop, grunt_decor_cap,
          yredelemnul_altar_generic, uniq_josephine
Lair:1:   layout_cave_pods, gammafunk_ghost_hive, lemuel_fruit_fields
Lair:2:   layout_long_grid, minmay_swamp_entry_reptiles,
          guppyfry_snake_entry_island, minivault_19, st_stairs_8,
          serial_bayou_shore_b
Lair:3:   layout_cave_pods, beast_lair_carwin_7
Lair:4:   layout_long_grid
Lair:5:   layout_hall_layers, dpeg_slime_entry_corner
Lair:6:   minmay_lair_end_enchanted_forest, layout_misc_corridors,
          hangedman_lair_generics_rect, uniq_rupert
Swamp:1:  cheibrodos_swamp_monstrosity, layout_falls_marsh,
          evilmike_swamp_ruin_house_2, swamp_pool3
Swamp:2:  cheibrodos_swamp_heart_of_darkness, layout_basic_swamp,
          hangedman_swamp_pad, infiniplex_staircase_pool_2, uniq_nikola,
          uniq_frances
Swamp:3:  layout_falls_marsh, evilmike_swamp_ruin_house_5, swamp_pool5,
          nicolae_swamp_round_clearing
Swamp:4:  swamp_vile, layout_basic_swamp, swamp_pool5, roderic_carrion_pond
Snake:1:  layout_honeycomb
Snake:2:  layout_honeycomb, st_stairs_4, uniq_roxanne
Snake:3:  layout_onion_interference, uniq_vashnia
Snake:4:  grunt_snake_rune_pools, layout_gridlike, serial_bayou_shore_a
Slime:1:  layout_caves, basic_altar
Slime:2:  layout_caves
Orc:1:    layout_caves, serial_shops, shop, basic_altar, uniq_snorg
Orc:2:    grunt_orc_community_town_hall, layout_caves,
          grunt_orc_community_big_house_2, grunt_orc_community_big_house_1,
          grunt_orc_community_house_3, grunt_orc_community_house_2,
          grunt_orc_community_house_2, grunt_orc_community_house_3,
          grunt_orc_community_house_1, grunt_orc_community_house_3,
          lightli_church_of_beogh
Elf:1:    eino_elf_arrival_sip, layout_rooms, hangedman_elf_represent,
          corexii_leaking_fountain, serial_sigils_hangedman_etch,
          hangedman_elf_disciples
Elf:2:    layout_loops_cross
Elf:3:    minmay_elf_hall, layout_gridlike, serial_shops,
          nicolae_shop_statue_plus
Vaults:1: v_pattern_2, vaults_room_glass_cross, v_alt_pattern_2, v_misc_9,
          v_misc_17, vaults_room_hallway, layout_vaults_omnigrid, enter_trove_5
Vaults:2: hangedman_vaults_nodes, minmay_crypt_entry_simple_plaza,
          nicolae_vaults_rhombus_6, vaults_standard_mumra_x,
          nicolae_vaults_angled_halls, vaults_room_door_ring,
          nicolae_vaults_gold_heap, vaults_room_corners,
          nicolae_vaults_network_quinsquares
          [nicolae_vaults_network_quincunx_subvault,
          nicolae_vaults_network_quincunx_subvault,
          nicolae_vaults_network_quincunx_subvault,
          nicolae_vaults_network_quincunx_subvault], vaults_room_large_hall,
          vaults_room_pools, layout_vaults_maze_snakey, serial_shops,
          shop_statue
Vaults:3: nicolae_vaults_rhombus_6, vaults_standard_mumra_enter_the_diamond,
          v_alt_pattern_6, v_rooms_3, hangedman_vaults_hat,
          ontoclasm_vaults_ring_small, dpeg_vaults_monster_box, v_misc_5,
          nicolae_vaults_little_squares_2, ontoclasm_vaults_shuriken,
          nicolae_vaults_angled_halls, vaults_room_large_hall, st_greater_box_1,
          v_misc_22, ontoclasm_vaults_misaligned, nicolae_vaults_rhombus_5,
          layout_vaults_omnibox, serial_shops, nicolae_shop_trees, uniq_aizul,
          uniq_bai_suzhen
Vaults:4: gammafunk_vaults_ghost_spectres, vaults_dpeg_encased_lava, v_misc_26,
          hangedman_vaults_restitches, grunt_vaults_swirl, vaults_dpeg_doors,
          vaults_room_large_hall, vaults_room_pools, ontoclasm_vaults_chip,
          vaults_room_fancy_cross, vaults_room_stairs_pillars,
          hangedman_vaults_locks, layout_vaults_ring, serial_shops,
          bzr_entry_gold, serial_glass
Vaults:5: uniq_saint_roka
Depths:1: layout_roguey, enter_ziggurat_d, hell_entry, serial_shops,
          nicolae_shop_crystal, chequers_serial_rivers_micro_b, laboratory
Depths:2: lemuel_flame_loot_2, layout_cave_pools, hell_entry,
          minmay_misc_feat_more_columns, serial_bayou_shore_b, uniq_sojobo
Depths:3: hangedman_crystal_crosses_colossus [crystal_crosses_arms_four,
          crystal_crosses_arms_two, crystal_crosses_arms_one,
          crystal_crosses_arms_one], pan_entry, hell_entry, uniq_mennas
Depths:4: minmay_octagon_keep, layout_basic, lightli_too_deep,
          hangedman_abyss_entry_splay, hex_tiny, infiniplex_staircase_pillars_2
Depths:5: lemuel_castle_with_subvaults [lemuel_castle_interior_carwin_2],
          layout_basic, serial_shops, freezing_bzr, fountainhead,
          pf_coc_iceberg, minmay_guarded_unrand_wrath_of_trog, minmay_shop_grove
Zot:1:    evilmike_crystal_ball_defense, layout_cathedral_of_symmetry,
          st_stairs_13, door_vault
Zot:2:    layout_concentric_octagons, evilmike_ambush
          [evilmike_ambush_outer_pillars, evilmike_ambush_inner_pond]

Skill      XL: |  1  2  3  4  5  6  7  8  9 10 11 12 13 14 15 16 17 18 19 20 21 22 23 24 25 26 27 |
---------------+----------------------------------------------------------------------------------+-----
Armour         | 4 5 7 9 10 12 14 15 17 18 20 24 | 24.0
Fighting       | 4 5 6 7 8 10 12 13 15 16 18 19 20 21 22 24 25 26 27 | 27.0
Shields        | 4 5 6 7 9 10 13 17 18 20 25 | 25.0
Axes           | 3 4 5 7 8 10 11 13 14 17 18 20 22 23 25 26 27 | 27.0
Dodging        | 1 4 6 7 10 | 10.0
Invocations    | 1 3 5 9 10 | 10.0
Maces & Flails | 3 6 |  6.4

Action                   |  1- 3 |  4- 6 |  7- 9 | 10-12 | 13-15 | 16-18 | 19-21 | 22-24 | 25-27 || total
-------------------------+-------+-------+-------+-------+-------+-------+-------+-------+-------++-------
Melee: War axe           |   131 |   183 |    14 |   129 |   117 |       |       |       |       ||   574
       Headbutt          |    21 |    35 |   102 |   174 |   299 |   338 |   407 |   606 |   426 ||  2408
       Flail             |       |       |   428 |     3 |       |       |       |       |       ||   431
       Mace              |       |       |       |   509 |       |       |       |       |       ||   509
       Morningstar       |       |       |       |    57 |   128 |       |       |       |       ||   185
       Whip              |       |       |       |       |   805 |    17 |       |       |       ||   822
       Broad axe         |       |       |       |       |   350 |  1233 |  1191 |  1521 |  1119 ||  5414
Invok: Heroism           |       |       |       |       |     5 |     5 |     3 |     2 |     1 ||    16
       Finesse           |       |       |       |       |     3 |     4 |       |     2 |     6 ||    15
 Abil: Evoke Flight      |       |       |       |       |       |     2 |     2 |       |       ||     4
  Use: Potion            |       |       |     2 |     1 |     1 |     5 |     1 |     1 |     7 ||    18
       Scroll            |       |       |    10 |     8 |    13 |    14 |     4 |    21 |    14 ||    84
 Stab: Distracted        |       |       |       |       |       |     1 |       |     2 |     2 ||     5
       Confused          |       |       |       |       |       |     2 |     1 |       |       ||     3
  Eat: Chunk             |     2 |     7 |    10 |    17 |    25 |    17 |    18 |    23 |    10 ||   129
       Ration            |       |       |     1 |     2 |     6 |     8 |     2 |     2 |     3 ||    24
Armor: Scale mail        |     8 |       |       |       |       |       |       |       |       ||     8
       Plate armour      |    75 |   144 |   191 |       |    71 |   384 |   316 |   302 |   271 ||  1754
       Chain mail        |       |       |       |   397 |   414 |       |       |       |       ||   811
Dodge: Dodged            |    19 |    30 |    68 |   247 |   312 |   209 |   192 |   193 |   201 ||  1471
Block: Kite shield       |    70 |   111 |   207 |   406 |   521 |       |       |       |       ||  1315
       Tower shield      |       |       |       |       |   145 |   872 |   860 |   904 |   762 ||  3543

Table legend:
 A = Non-vault XP
 B = Vault XP
 C = Vault XP percentage of total XP
 D = Non-vault monster count
 E = Vault monster count
 F = Vault count percentage of total count
                 A         B        C        D         E       F
            +---------+---------+-------+---------+---------+-------
      Total |  718447 |  708787 |  49.7 |    1577 |     929 |  37.1
            +---------+---------+-------+---------+---------+-------
        D:1 |      53 |       0 |   0.0 |      31 |       0 |   0.0
        D:2 |      92 |      32 |  25.8 |      25 |       9 |  26.5
        D:3 |     131 |     179 |  57.7 |      17 |       9 |  34.6
        D:4 |     601 |    1087 |  64.4 |      40 |       4 |   9.1
        D:5 |     700 |      11 |   1.5 |      23 |       5 |  17.9
        D:6 |    1007 |     231 |  18.7 |      19 |       1 |   5.0
        D:7 |     375 |    1432 |  79.2 |      10 |       2 |  16.7
        D:8 |    4140 |    1230 |  22.9 |      30 |      14 |  31.8
        D:9 |    2931 |    1399 |  32.3 |      39 |      15 |  27.8
       D:10 |    3237 |     172 |   5.0 |      30 |       3 |   9.1
       D:11 |    2248 |       0 |   0.0 |      11 |       0 |   0.0
       D:12 |    8418 |    2923 |  25.8 |      41 |      13 |  24.1
       D:13 |   13347 |    6063 |  31.2 |      45 |       8 |  15.1
       D:14 |   15003 |   13167 |  46.7 |      46 |      30 |  39.5
       D:15 |   16100 |    6852 |  29.9 |      36 |      11 |  23.4
     Lair:1 |    4491 |    2178 |  32.7 |      18 |      10 |  35.7
     Lair:2 |    5947 |    1100 |  15.6 |      25 |       7 |  21.9
     Lair:3 |    8816 |     621 |   6.6 |      39 |       5 |  11.4
     Lair:4 |    6365 |       0 |   0.0 |      19 |       0 |   0.0
     Lair:5 |    1599 |       0 |   0.0 |       9 |       0 |   0.0
     Lair:6 |    6658 |   14915 |  69.1 |      21 |      57 |  73.1
    Swamp:1 |   16124 |    2966 |  15.5 |      47 |       1 |   2.1
    Swamp:2 |   13597 |   10765 |  44.2 |      37 |      10 |  21.3
    Swamp:3 |   20780 |     532 |   2.5 |      41 |       4 |   8.9
    Swamp:4 |   20083 |   20360 |  50.3 |      40 |      33 |  45.2
    Snake:1 |   17185 |       0 |   0.0 |      37 |       0 |   0.0
    Snake:2 |   22766 |    3329 |  12.8 |      47 |       3 |   6.0
    Snake:3 |   14110 |    7482 |  34.7 |      30 |       4 |  11.8
    Snake:4 |   28646 |   37435 |  56.7 |      55 |      59 |  51.8
    Slime:1 |    1332 |       0 |   0.0 |       2 |       0 |   0.0
    Slime:2 |   13864 |       0 |   0.0 |      29 |       0 |   0.0
      Orc:1 |    5473 |    1129 |  17.1 |      29 |       1 |   3.3
      Orc:2 |     865 |    8939 |  91.2 |      15 |      88 |  85.4
      Elf:1 |   28492 |   12870 |  31.1 |      47 |      20 |  29.9
      Elf:2 |   18743 |   23684 |  55.8 |      31 |      30 |  49.2
      Elf:3 |   12147 |   36020 |  74.8 |      20 |      23 |  53.5
   Vaults:1 |   43295 |   17132 |  28.4 |      87 |      26 |  23.0
   Vaults:2 |    6850 |   17251 |  71.6 |      14 |      18 |  56.2
   Vaults:3 |   30828 |   67501 |  68.6 |      47 |      66 |  58.4
   Vaults:4 |   46872 |   31735 |  40.4 |      63 |      49 |  43.8
   Vaults:5 |   21824 |  133699 |  86.0 |      26 |      99 |  79.2
   Depths:1 |   57469 |    3715 |   6.1 |      65 |      13 |  16.7
   Depths:2 |   41196 |    9695 |  19.1 |      65 |       4 |   5.8
   Depths:3 |       0 |   81300 | 100.0 |       0 |      57 | 100.0
   Depths:4 |   50699 |   17285 |  25.4 |      56 |      17 |  23.3
   Depths:5 |   55619 |   41193 |  42.5 |      52 |      40 |  43.5
      Zot:1 |    8347 |   44595 |  84.2 |       6 |      16 |  72.7
      Zot:2 |   18982 |   24533 |  56.4 |      15 |      22 |  59.5
      Sewer |       0 |      50 | 100.0 |       0 |      23 | 100.0
            +---------+---------+-------+---------+---------+-------
